 Dungeon Crawl Stone Soup version 0.31-a0-145-g046c7d2549 (webtiles) character file.

Game seed: 14711010540032854395

14891 qw the Skirmisher (level 11, -2/99 HPs)
             Began as a Minotaur Hunter on June 6, 2023.
             Was a High Priest of Okawaru.
             Slain by a seven-headed hydra (6 damage)
             ... on level 1 of the Lair of Beasts.
             The game lasted 00:04:47 (10855 turns).

qw the Skirmisher (Minotaur Hunter)                Turns: 10855, Time: 00:04:47

Health: -2/99      AC:  6    Str: 16    XL:     11   Next: 94%
Magic:  16/17      EV: 28    Int:  6    God:    Okawaru [*****.]
Gold:   520        SH:  0    Dex: 24    Spells: 10/10 levels left

rFire   . . .        Y - +1 orcbow (flame)
rCold   . . .        (shield currently unavailable)
rNeg    . . .        g - +1 leather armour {rPois}
rPois   +            (helmet restricted)
rElec   .            j - scarf {repulsion}
rCorr   .            (no gloves)
SInv    .            n - +0 pair of boots
Will    .....        f - amulet of faith
Stlth   +++          r - +6 ring of dexterity
HPRegen 0.36/turn    m - +5 ring of evasion
MPRegen 0.15/turn

%: repel missiles, faith
@: heroic
A: horns 2, retaliatory headbutt
a: Renounce Religion, Heroism, Finesse, Duel


You were on level 1 of the Lair of Beasts.
You worshipped Okawaru.
Okawaru was extremely pleased with you.
You visited 3 branches of the dungeon, and saw 12 of its levels.

You collected 520 gold pieces.


Innate Abilities, Weirdness & Mutations

You have a pair of horns on your head.
You reflexively headbutt those who attack you in melee.


   Skills:
 - Level 10.0(15.0) Fighting
 + Level 14.8(19.8) Ranged Weapons
 - Level 2.2(7.2) Armour
 - Level 8.0(13.0) Dodging
 - Level 0.7(5.7) Stealth
 + Level 9.7 Invocations


You had 10 spell levels left.
You didn't know any spells.
Your spell library was empty.

Inventory:

Hand Weapons
 Y - a +1 orcbow of flaming (weapon)
Armour
 g - a +1 leather armour of poison resistance (worn)
 h - a +1 pair of gloves of infusion
 i - a +0 cloak
 j - a scarf of repulsion (worn)
 k - a +2 leather armour of cold resistance
 n - a +0 pair of boots (worn)
 o - +0 steam dragon scales
 p - +0 acid dragon scales
Jewellery
 f - an amulet of faith (around neck)
 m - a +5 ring of evasion (right hand)
 r - a +6 ring of dexterity (left hand)
Scrolls
 a - 2 scrolls of identify
 b - a scroll of teleportation {unknown}
Potions
 c - 2 potions of curing
 e - 5 potions of mutation
 q - a potion of resistance
 u - a potion of haste

Dungeon Overview and Level Annotations

Branches:
Dungeon (10/15)            Temple (1/1) D:6            Lair (1/5) D:10
    Orc (0/2) D:10

Altars:
Ashenzari
Cheibriados
Dithmenos
Elyvilon
Fedhas
Gozag
Hepliaklqana
Kikubaaqudgha
Makhleb
Nemelex Xobeh
Okawaru
Qazlal
Ru
Sif Muna
Trog
Uskayaw
Vehumet
Wu Jian
Xom
Yredelemnul
Zin
The Shining One

Shops:
D:7 (

Annotations:
D:4 1 transporter, qw's ghost, amateur GrFi
D:10 3 runed translucent doors, qw's ghost, journeyman GrFi


Message History

10853 ||| DRINKING 2 potions of heal wounds.
You feel much better. The seven-headed hydra misses you.
The seven-headed hydra completely misses you.
The seven-headed hydra closely misses you.
The seven-headed hydra bites you. The seven-headed hydra misses you.
The seven-headed hydra completely misses you.
The seven-headed hydra barely misses you.
The eight-headed hydra bites you. x2
The eight-headed hydra completely misses you.
The eight-headed hydra misses you.
The eight-headed hydra bites you but does no damage.
The eight-headed hydra bites you. x2
The eight-headed hydra barely misses you.
You shoot an arrow. The arrow hits the eight-headed hydra.
The arrow burns the eight-headed hydra.
The eight-headed hydra is severely wounded.
The seven-headed hydra barely misses you.
You furiously retaliate!
You headbutt the seven-headed hydra. The seven-headed hydra misses you.
The seven-headed hydra completely misses you.
The seven-headed hydra bites you! The seven-headed hydra misses you.
The seven-headed hydra bites you but does no damage.
The seven-headed hydra bites you!
10855 ||| DRINKING potion of heal wounds.
You feel much better.
The eight-headed hydra completely misses you.
You furiously retaliate!
You headbutt the eight-headed hydra!
The eight-headed hydra completely misses you.
The eight-headed hydra closely misses you.
The eight-headed hydra completely misses you.
The eight-headed hydra bites you!
The eight-headed hydra completely misses you.
The eight-headed hydra bites you!
The eight-headed hydra closely misses you.
The seven-headed hydra bites you!
The seven-headed hydra completely misses you. x4
The seven-headed hydra closely misses you.
The seven-headed hydra bites you.
You die...

....~~## ###%..##
##......# .#..~~~#
#..##.# #.....<.#
##D.~~~# ##).###
###.%%#### %##..~~#
###..# #...)...##
.##D.~~# #....#
##....#..# .#..~~~#
#....#### #...#...##
##..~~~#
#.......####.#.###..#
##..~D##
#....P#....+...#...##
..~~~#
#...@#########.#.###
...~~~# #..DD#
#...#.#.# ...~~~t
#....# #.###...#
..~~~~~~ #....#
#.......# ?~~~Y~~~~
#.#.## ####.####
###.# ###.# #..#
#...# ##.# ### #..###
##.# #.####.#.###


You could see an eight-headed hydra and a seven-headed hydra.

Vanquished Creatures
  A catoblepas (Lair:1)
  A black mamba (Lair:1)
  An unseen horror (D:10)
  Maggie (D:7)
  A rime drake (D:10)
  A komodo dragon (Lair:1)
  2 kobold demonologists (D:10)
  A polar bear (D:10)
  A hornet (D:9)
  8 blink frogs (Lair:1)
  A shadow (D:9)
  10 yaks
  A vampire (D:10)
  3 wyverns
  Grum (Lair:1)
  Menkaure (D:7)
  A steam dragon (D:9)
  An acid dragon (D:5)
  3 water moccasins
  A swamp drake (D:10)
  4 black bears
  4 orc warriors
  4 ice beasts (D:10)
  3 sky beasts
  14 wolves
  4 centaurs
  17 kobold brigands
  12 bullfrogs
  3 scorpions
  21 wights
  20 killer bees
  A howler monkey (D:9)
  8 orc priests
  A jelly (D:4)
  A sleepcap (D:8)
  Jessica (D:2)
  3 gnoll boudas
  2 iguanas (D:5)
  6 orc wizards
  A mummy (D:6)
  14 gnolls
  6 adders
  3 shadow imps
  An ufetubus (D:3)
  A worm (D:4)
  5 dart slugs
  34 orcs
  3 ball pythons
  4 endoplasms
  2 giant cockroaches (D:1)
  14 goblins
  8 hobgoblins
  7 jackals
  2 quokkas
  3 bats (D:2)
  6 frilled lizards
  2 hobgoblin zombies (D:6)
  25 kobolds
  10 rats
321 creatures vanquished.

Vanquished Creatures (others)
  A bullfrog (D:6)
  An orc (D:6)
  A kobold (D:7)
3 creatures vanquished.

Grand Total: 324 creatures vanquished

Notes
Turn   | Place    | Note
-------+----------+-------------------------------------------
     0 | D:1      | qw the Minotaur Hunter began the quest for the Orb.
     0 | D:1      | Reached XP level 1. HP: 18/18 MP: 0/0
     0 | D:1      | 0 ||| qw: Version: 0.2-a-117-gc6b5c8b
     0 | D:1      | 0 ||| qw: Game counter: 2399
     0 | D:1      | 0 ||| qw: Always use a shield: true
     0 | D:1      | 0 ||| qw: God list: Okawaru
     0 | D:1      | 0 ||| qw: Allow faded altars: false
     0 | D:1      | 0 ||| qw: Do Orc after D:15 true
     0 | D:1      | 0 ||| qw: Do second Lair branch before Depths: true
     0 | D:1      | 0 ||| qw: Lair rune preference: random
     0 | D:1      | 0 ||| qw: Plans: Normal
     0 | D:1      | 0 ||| PLANNING D:1-11
    79 | D:1      | Reached XP level 2. HP: 25/25 MP: 1/1
    91 | D:1      | Reached skill level 5 in Ranged Weapons
   268 | D:1      | Reached skill level 3 in Fighting
   663 | D:1      | Reached XP level 3. HP: 31/31 MP: 2/2
   681 | D:1      | 681 ||| READING scroll labelled YWAEKK FOUS.
   682 | D:1      | 682 ||| DROPPING scroll of butterflies.
   684 | D:1      | 684 ||| Stepping ~*~*~tactically~*~*~ (cloud).
  1165 | D:2      | Noticed Jessica
  1172 | D:2      | Killed Jessica
  1274 | D:2      | Reached XP level 4. HP: 38/38 MP: 3/3
  1398 | D:2      | Reached skill level 6 in Ranged Weapons
  1825 | D:2      | 1825 ||| UPGRADING to +0 ring mail.
  1835 | D:2      | 1835 ||| DROPPING +0 leather armour.
  1836 | D:2      | 1836 ||| UPGRADING to +1 leather armour of poison
                  | resistance.
  1846 | D:2      | 1846 ||| DROPPING +0 ring mail.
  1847 | D:2      | 1847 ||| UPGRADING to amulet of faith.
  1852 | D:2      | 1852 ||| UPGRADING to +5 ring of evasion.
  1853 | D:2      | 1853 ||| READING scroll labelled TELOKLAFROC.
  1854 | D:2      | 1854 ||| READING 2 scrolls labelled AMMUSA SU FAFE.
  1855 | D:2      | 1855 ||| READING scroll of enchant weapon.
  1855 | D:2      | 1855 ||| ENCHANTING +1 shortbow.
  1977 | D:3      | Found a radiant altar of Vehumet.
  2268 | D:3      | Noticed a scorpion
  2274 | D:3      | Killed a scorpion
  2275 | D:3      | Reached XP level 5. HP: 47/47 MP: 4/4
  2753 | D:3      | 2753 ||| UPGRADING to +0 cloak.
  2758 | D:3      | 2758 ||| UPGRADING to +0 pair of boots.
  2763 | D:3      | 2763 ||| READING 2 scrolls labelled DAJEYQ NAUH.
  2764 | D:3      | 2764 ||| READING scroll labelled DEUTENG LYCATT.
  2765 | D:3      | 2765 ||| READING scroll labelled KIFFUA EH OMEG.
  2766 | D:3      | 2766 ||| DRINKING 3 brown potions.
  2767 | D:3      | 2767 ||| DRINKING 2 fuming clear potions.
  2811 | D:3      | 2811 ||| DROPPING potion of lignification.
  2865 | D:4      | Reached skill level 1 in Armour
  2961 | D:4      | Reached XP level 6. HP: 53/53 MP: 5/5
  2979 | D:4      | Reached skill level 7 in Ranged Weapons
  3151 | D:4      | Identified the staff of earth "Ismis" {rCorr Int+2 Dex+2}
  3288 | D:4      | Noticed qw's ghost (amateur GrFi)
  3289 | D:4      | Found a transporter.
  3322 | D:4      | Identified the +2 robe of the Blizzard {+Blink}
  3523 | D:4      | Found a shimmering blue altar of Sif Muna.
  3524 | D:4      | 3524 ||| DROPPING +2 robe of the Blizzard {+Blink}.
  3525 | D:4      | 3525 ||| READING scroll labelled CUZUSE CYB WYK.
  3526 | D:4      | 3526 ||| READING scroll labelled CEHYDOX ASAIRITIYZ.
  3527 | D:4      | 3527 ||| DRINKING 2 green potions.
  3528 | D:4      | 3528 ||| READING 2 scrolls of identify.
  3528 | D:4      | 3528 ||| IDENTIFYING purple potion
  3549 | D:5      | Entered Level 5 of the Dungeon
  3587 | D:5      | 3587 ||| READING scroll of enchant weapon.
  3587 | D:5      | 3587 ||| ENCHANTING +2 shortbow.
  3698 | D:5      | Reached skill level 8 in Ranged Weapons
  3800 | D:5      | Noticed an acid dragon
  3804 | D:5      | 3804 ||| FLEEEEING.
  3808 | D:5      | 3808 ||| FLEEEEING.
  3809 | D:5      | 3809 ||| FLEEEEING.
  3810 | D:5      | 3810 ||| FLEEEEING.
  3811 | D:5      | 3811 ||| FLEEEEING.
  3812 | D:5      | 3812 ||| FLEEEEING.
  3820 | D:5      | 3820 ||| FLEEEEING.
  3821 | D:5      | 3821 ||| FLEEEEING.
  3822 | D:5      | 3822 ||| FLEEEEING.
  3823 | D:5      | 3823 ||| FLEEEEING.
  3824 | D:5      | 3824 ||| FLEEEEING.
  3825 | D:5      | 3825 ||| FLEEEEING.
  3826 | D:5      | 3826 ||| FLEEEEING.
  3827 | D:5      | 3827 ||| FLEEEEING.
  3828 | D:5      | 3828 ||| FLEEEEING.
  3829 | D:5      | 3829 ||| FLEEEEING.
  3834 | D:5      | 3834 ||| FLEEEEING.
  3835 | D:5      | 3835 ||| FLEEEEING.
  3838 | D:5      | 3838 ||| FLEEEEING.
  3839 | D:5      | 3839 ||| FLEEEEING.
  3840 | D:5      | 3840 ||| FLEEEEING.
  3841 | D:5      | 3841 ||| FLEEEEING.
  3847 | D:5      | 3847 ||| STAIRDANCE
  3892 | D:4      | 3892 ||| UPGRADING to scarf of repulsion.
  3902 | D:4      | 3902 ||| DROPPING ring of wizardry.
  3911 | D:5      | Killed an acid dragon
  3912 | D:5      | Reached skill level 3 in Dodging
  3912 | D:5      | Reached XP level 7. HP: 60/60 MP: 6/6
  4180 | D:6      | 4180 ||| PLANNING OSSUARY
  4181 | D:6      | 4181 ||| STAIRDANCE
  4298 | D:6      | 4298 ||| STAIRDANCE
  4369 | D:6      | 4369 ||| STAIRDANCE
  4416 | D:6      | 4416 ||| STAIRDANCE
  4425 | D:5      | Reached skill level 9 in Ranged Weapons
  4513 | D:6      | 4513 ||| STAIRDANCE
  4550 | D:6      | Reached skill level 6 in Fighting
  4559 | D:6      | 4559 ||| STAIRDANCE
  4564 | D:5      | Reached XP level 8. HP: 62/70 MP: 7/7
  4592 | D:5      | 4592 ||| SWAPPING to +0 orcbow.
  4593 | D:5      | 4593 ||| DROPPING +3 shortbow.
  4618 | D:6      | Found a staircase to the Ecumenical Temple.
  4631 | D:6      | Found a sacrificial altar of Ru.
  4692 | D:6      | 4692 ||| Stepping ~*~*~tactically~*~*~ (outnumbered).
  4696 | D:6      | 4696 ||| Stepping ~*~*~tactically~*~*~ (outnumbered).
  4699 | D:6      | 4699 ||| Stepping ~*~*~tactically~*~*~ (outnumbered).
  4717 | D:6      | Reached skill level 10 in Ranged Weapons
  4841 | D:6      | 4841 ||| RIP OSSUARY
  4850 | D:6      | 4850 ||| PLANNING TEMPLE
  4850 | D:6      | 4850 ||| READING scroll labelled WOISINL UTWUI.
  4915 | D:6      | 4915 ||| Stepping ~*~*~tactically~*~*~ (outnumbered).
  4935 | Temple   | Entered the Ecumenical Temple
  5015 | Temple   | 5015 ||| PLANNING OKAWARU WORSHIP
  5103 | Temple   | Became a worshipper of Warmaster Okawaru
  5103 | Temple   | 5103 ||| PLANNING D:1-11
  5524 | D:6      | Found a shimmering altar of Xom.
  5566 | D:6      | 5566 ||| READING 2 scrolls of identify.
  5566 | D:6      | 5566 ||| IDENTIFYING blue potion
  5567 | D:6      | 5567 ||| DROPPING potion of invisibility.
  5591 | D:7      | 5591 ||| STAIRDANCE
  5696 | D:7      | Found a shadowy altar of Dithmenos.
  5743 | D:7      | Reached * piety under Okawaru
  5763 | D:7      | Reached skill level 1 in Invocations
  5816 | D:7      | Noticed Maggie
  5816 | D:7      | Noticed Menkaure
  5817 | D:7      | 5817 ||| INVOKING Heroism.
  5822 | D:7      | Killed Menkaure
  5823 | D:7      | Reached skill level 11 in Ranged Weapons
  5823 | D:7      | Reached XP level 9. HP: 23/79 MP: 6/9
  5823 | D:7      | Killed Maggie
  6014 | D:7      | 6014 ||| Stepping randomly (disturbance).
  6106 | D:7      | Reached ** piety under Okawaru
  6107 | D:7      | Reached skill level 3 in Invocations
  6110 | D:7      | Found Raschuoqi's Antique Weapon Shoppe.
  6169 | D:7      | 6169 ||| INVOKING Heroism.
  6464 | D:7      | 6464 ||| INVOKING Heroism.
  6467 | D:7      | Reached skill level 12 in Ranged Weapons
  6469 | D:7      | HP: 9/79 [yak (13)]
  6470 | D:7      | 6470 ||| DRINKING 3 potions of heal wounds.
  6750 | D:7      | 6750 ||| DROPPING scarf of harm.
  6751 | D:7      | 6751 ||| DRINKING 2 glowing clear potions.
  6819 | D:8      | 6819 ||| INVOKING Heroism.
  6843 | D:8      | Reached skill level 6 in Dodging
  6913 | D:8      | Reached *** piety under Okawaru
  6915 | D:8      | Reached XP level 10. HP: 80/88 MP: 12/12
  6921 | D:8      | 6921 ||| INVOKING Heroism.
  7284 | D:8      | Reached skill level 13 in Ranged Weapons
  7290 | D:8      | 7290 ||| FLEEEEING.
  7291 | D:8      | 7291 ||| FLEEEEING.
  7292 | D:8      | 7292 ||| FLEEEEING.
  7293 | D:8      | 7293 ||| FLEEEEING.
  7294 | D:8      | 7294 ||| FLEEEEING.
  7297 | D:8      | 7297 ||| FLEEEEING.
  7298 | D:8      | 7298 ||| FLEEEEING.
  7299 | D:8      | 7299 ||| FLEEEEING.
  7300 | D:8      | 7300 ||| FLEEEEING.
  7301 | D:8      | 7301 ||| DRINKING 5 potions of curing.
  7301 | D:8      | 7301 ||| (to cure confusion)
  7302 | D:8      | 7302 ||| FLEEEEING.
  7303 | D:8      | 7303 ||| FLEEEEING.
  7304 | D:8      | 7304 ||| DRINKING 4 potions of curing.
  7304 | D:8      | 7304 ||| (to cure confusion)
  7641 | D:8      | 7641 ||| READING scroll labelled NOTRAANIUNN.
  7642 | D:8      | 7642 ||| READING scroll labelled GOEREDD BUUHE.
  7743 | D:8      | 7743 ||| READING 2 scrolls of identify.
  7743 | D:8      | 7743 ||| IDENTIFYING cyan potion
  7744 | D:8      | 7744 ||| DROPPING potion of brilliance.
  7771 | D:9      | Reached skill level 9 in Fighting
  7779 | D:9      | Reached **** piety under Okawaru
  7793 | D:9      | 7793 ||| FLEEEEING.
  7797 | D:9      | 7797 ||| STAIRDANCE
  7800 | D:8      | 7800 ||| FLEEEEING.
  7801 | D:8      | 7801 ||| FLEEEEING.
  7802 | D:8      | 7802 ||| FLEEEEING.
  7803 | D:8      | 7803 ||| FLEEEEING.
  8035 | D:9      | 8035 ||| INVOKING Heroism.
  8325 | D:9      | Reached ***** piety under Okawaru
  8328 | D:9      | 8328 ||| INVOKING Heroism.
  8330 | D:9      | 8330 ||| Stepping ~*~*~tactically~*~*~ (cloud).
  8334 | D:9      | 8334 ||| Stepping ~*~*~tactically~*~*~ (cloud).
  8339 | D:9      | Reached skill level 14 in Ranged Weapons
  8339 | D:9      | Reached skill level 6 in Invocations
  8339 | D:9      | 8339 ||| Stepping ~*~*~tactically~*~*~ (cloud).
  8584 | D:9      | 8584 ||| INVOKING Heroism.
  8744 | D:9      | 8744 ||| UPGRADING to +4 ring of protection.
  8745 | D:9      | 8745 ||| READING 2 scrolls of identify.
  8745 | D:9      | 8745 ||| IDENTIFYING murky emerald potion
  8746 | D:9      | 8746 ||| DROPPING potion of attraction.
  8752 | D:10     | Entered Level 10 of the Dungeon
  8782 | D:10     | 8782 ||| Stepping ~*~*~tactically~*~*~ (outnumbered).
  8784 | D:10     | 8784 ||| Stepping ~*~*~tactically~*~*~ (outnumbered).
  8786 | D:10     | 8786 ||| Stepping ~*~*~tactically~*~*~ (outnumbered).
  8790 | D:10     | 8790 ||| Stepping ~*~*~tactically~*~*~ (outnumbered).
  8806 | D:10     | 8806 ||| INVOKING Heroism.
  8807 | D:10     | 8807 ||| INVOKING Finesse.
  8810 | D:10     | Received a gift from Okawaru
  8811 | D:10     | Reached XP level 11. HP: 74/97 MP: 6/14
  8957 | D:10     | Received a gift from Okawaru
  9069 | D:10     | Found a runed translucent gate.
  9069 | D:10     | Found a runed translucent gate.
  9069 | D:10     | Found a runed translucent gate.
  9070 | D:10     | Found an opulent altar of Gozag.
  9071 | D:10     | Noticed qw's ghost (journeyman GrFi)
  9072 | D:10     | Noticed an orc knight
  9163 | D:10     | 9163 ||| DRINKING 3 potions of curing.
  9163 | D:10     | 9163 ||| (to cure confusion)
  9180 | D:10     | HP: 21/97 [something (5)]
  9242 | D:10     | 9242 ||| FLEEEEING.
  9249 | D:10     | 9249 ||| FLEEEEING.
  9250 | D:10     | 9250 ||| FLEEEEING.
  9426 | D:10     | 9426 ||| INVOKING Heroism.
  9577 | D:10     | Found a staircase to the Lair.
  9765 | D:10     | Noticed a swamp dragon
  9812 | D:10     | Found a staircase to the Orcish Mines.
  9821 | D:10     | 9821 ||| INVOKING Heroism.
  9881 | D:10     | Noticed a soul eater
  9888 | D:10     | 9888 ||| INVOKING Heroism.
  9966 | D:10     | Noticed a steelbarb worm
  9969 | D:10     | 9969 ||| PLANNING LAIR
  9969 | D:10     | 9969 ||| DROPPING ring of poison resistance.
  9970 | D:10     | 9970 ||| UPGRADING to +6 ring of dexterity.
  9972 | D:10     | 9972 ||| UPGRADING to +5 ring of evasion.
  9974 | D:10     | 9974 ||| DROPPING +4 ring of protection.
  9975 | D:10     | 9975 ||| READING scroll labelled LAUMOCHACIH.
  9976 | D:10     | 9976 ||| READING 2 scrolls of identify.
  9976 | D:10     | 9976 ||| IDENTIFYING coppery potion
  9976 | D:10     | a steelbarb worm changed into a fire crab
  9976 | D:10     | Noticed a fire crab (shapeshifter)
  9977 | D:10     | 9977 ||| DROPPING potion of ambrosia.
  9997 | Lair:1   | Entered Level 1 of the Lair of Beasts
  9998 | Lair:1   | Noticed Grum
 10001 | Lair:1   | 10001 ||| INVOKING Heroism.
 10002 | Lair:1   | 10002 ||| INVOKING Finesse.
 10003 | Lair:1   | 10003 ||| INVOKING Finesse.
 10011 | Lair:1   | Killed Grum
 10105 | Lair:1   | 10105 ||| INVOKING Heroism.
 10134 | Lair:1   | 10134 ||| INVOKING Heroism.
 10164 | Lair:1   | 10164 ||| READING scroll of enchant weapon.
 10164 | Lair:1   | 10164 ||| ENCHANTING +0 heavy orcbow.
 10186 | Lair:1   | 10186 ||| INVOKING Heroism.
 10198 | Lair:1   | Reached skill level 9 in Invocations
 10209 | Lair:1   | 10209 ||| READING scroll of brand weapon.
 10209 | Lair:1   | 10209 ||| BRANDING +1 heavy orcbow.
 10210 | Lair:1   | 10210 ||| DROPPING +0 sling of flaming.
 10249 | Lair:1   | Noticed a catoblepas
 10250 | Lair:1   | 10250 ||| INVOKING Heroism.
 10251 | Lair:1   | 10251 ||| INVOKING Finesse.
 10258 | Lair:1   | 10258 ||| Stepping ~*~*~tactically~*~*~ (cloud).
 10265 | Lair:1   | 10265 ||| Stepping ~*~*~tactically~*~*~ (cloud).
 10267 | Lair:1   | Killed a catoblepas
 10494 | Lair:1   | 10494 ||| INVOKING Heroism.
 10647 | Lair:1   | 10647 ||| INVOKING Heroism.
 10741 | Lair:1   | Identified the +6 rapier of Crystal {heavy, rN+ Dex-3
                  | Stlth+}
 10747 | Lair:1   | Received a gift from Okawaru
 10777 | Lair:1   | Noticed a dire elephant
 10777 | Lair:1   | Noticed a fire crab
 10778 | Lair:1   | 10778 ||| INVOKING Heroism.
 10778 | Lair:1   | Noticed a seven-headed hydra
 10781 | Lair:1   | Noticed an eight-headed hydra
 10785 | Lair:1   | 10785 ||| FLEEEEING.
 10786 | Lair:1   | 10786 ||| FLEEEEING.
 10787 | Lair:1   | 10787 ||| FLEEEEING.
 10788 | Lair:1   | 10788 ||| FLEEEEING.
 10789 | Lair:1   | 10789 ||| FLEEEEING.
 10790 | Lair:1   | 10790 ||| FLEEEEING.
 10792 | Lair:1   | 10792 ||| FLEEEEING.
 10793 | Lair:1   | 10793 ||| FLEEEEING.
 10794 | Lair:1   | 10794 ||| FLEEEEING.
 10795 | Lair:1   | 10795 ||| FLEEEEING.
 10796 | Lair:1   | 10796 ||| FLEEEEING.
 10797 | Lair:1   | 10797 ||| FLEEEEING.
 10798 | Lair:1   | 10798 ||| FLEEEEING.
 10799 | Lair:1   | 10799 ||| FLEEEEING.
 10800 | Lair:1   | 10800 ||| FLEEEEING.
 10801 | Lair:1   | 10801 ||| FLEEEEING.
 10803 | Lair:1   | 10803 ||| FLEEEEING.
 10804 | Lair:1   | 10804 ||| FLEEEEING.
 10805 | Lair:1   | 10805 ||| FLEEEEING.
 10806 | Lair:1   | 10806 ||| FLEEEEING.
 10807 | Lair:1   | 10807 ||| FLEEEEING.
 10808 | Lair:1   | 10808 ||| FLEEEEING.
 10809 | Lair:1   | 10809 ||| FLEEEEING.
 10810 | Lair:1   | 10810 ||| FLEEEEING.
 10811 | Lair:1   | 10811 ||| FLEEEEING.
 10812 | Lair:1   | 10812 ||| FLEEEEING.
 10813 | Lair:1   | 10813 ||| FLEEEEING.
 10814 | Lair:1   | 10814 ||| FLEEEEING.
 10815 | Lair:1   | 10815 ||| FLEEEEING.
 10816 | Lair:1   | 10816 ||| FLEEEEING.
 10817 | Lair:1   | 10817 ||| FLEEEEING.
 10818 | Lair:1   | 10818 ||| FLEEEEING.
 10819 | Lair:1   | 10819 ||| FLEEEEING.
 10820 | Lair:1   | 10820 ||| FLEEEEING.
 10821 | Lair:1   | 10821 ||| FLEEEEING.
 10822 | Lair:1   | 10822 ||| FLEEEEING.
 10823 | Lair:1   | 10823 ||| FLEEEEING.
 10824 | Lair:1   | 10824 ||| FLEEEEING.
 10825 | Lair:1   | 10825 ||| FLEEEEING.
 10826 | Lair:1   | 10826 ||| FLEEEEING.
 10827 | Lair:1   | 10827 ||| FLEEEEING.
 10828 | Lair:1   | 10828 ||| FLEEEEING.
 10829 | Lair:1   | 10829 ||| FLEEEEING.
 10830 | Lair:1   | 10830 ||| FLEEEEING.
 10831 | Lair:1   | 10831 ||| FLEEEEING.
 10832 | Lair:1   | 10832 ||| FLEEEEING.
 10833 | Lair:1   | 10833 ||| FLEEEEING.
 10834 | Lair:1   | 10834 ||| FLEEEEING.
 10835 | Lair:1   | 10835 ||| FLEEEEING.
 10836 | Lair:1   | 10836 ||| FLEEEEING.
 10837 | Lair:1   | 10837 ||| FLEEEEING.
 10838 | Lair:1   | 10838 ||| FLEEEEING.
 10839 | Lair:1   | 10839 ||| FLEEEEING.
 10840 | Lair:1   | 10840 ||| FLEEEEING.
 10841 | Lair:1   | 10841 ||| FLEEEEING.
 10842 | Lair:1   | 10842 ||| FLEEEEING.
 10843 | Lair:1   | 10843 ||| FLEEEEING.
 10844 | Lair:1   | 10844 ||| FLEEEEING.
 10845 | Lair:1   | 10845 ||| FLEEEEING.
 10846 | Lair:1   | 10846 ||| FLEEEEING.
 10847 | Lair:1   | 10847 ||| INVOKING Heroism.
 10851 | Lair:1   | HP: 20/99 [eight-headed hydra (10)]
 10852 | Lair:1   | 10852 ||| DRINKING 3 potions of heal wounds.
 10852 | Lair:1   | HP: 9/99 [eight-headed hydra (5)]
 10853 | Lair:1   | 10853 ||| DRINKING 2 potions of heal wounds.
 10855 | Lair:1   | 10855 ||| DRINKING potion of heal wounds.
 10855 | Lair:1   | HP: 4/99 [seven-headed hydra (7)]
 10855 | Lair:1   | Slain by a seven-headed hydra

Levels and vault maps discovered:
D:1:      minmay_arrival_up_and_down, layout_basic
D:2:      layout_basic, uniq_jessica
D:3:      kennysheep_six_static_rooms, layout_loops_corners,
          nicolae_vehumet_radiance, chequers_decorated_corner
D:4:      layout_basic, lemuel_blue_sif_altar, gammafunk_ghost_smash,
          minmay_manual_moon
D:5:      layout_rooms, kennysheep_minor_cross
D:6:      layout_loops_ring, lemuel_coloured_pillars_altar,
          mainiacjoe_overflow_concentric_impassable, temple_green,
          nicolae_ossuary_entry_giza, minmay_misc_feat_diagonals
D:7:      layout_loops_ring, kennysheep_mini, serial_shops, shop_fountains,
          nicolae_concentric_dashed_squares_wild, uniq_maggie, uniq_menkaure
D:8:      layout_loops_cross, serial_bayou_pond_c, st_stairs_3,
          minmay_diced_spiral
D:9:      layout_loops_cross
D:10:     layout_roguey, hellmonk_lair_entry_icy, erik_orc_1,
          ebering_ghost_gozag, special_room [special_room_kobold],
          hangedman_decor_riveting
Temple:   nicolae_temple_bog_church
Lair:1:   layout_roguey, hangedman_tree_tricks, nicolae_lair_lakeside_cave,
          uniq_grum

Skill      XL: |  1  2  3  4  5  6  7  8  9 10 11 |
---------------+----------------------------------+-----
Ranged Weapons | 5 6 8 9 11 12 14 | 14.8
Fighting       | 3 4 6 7 8 9 10 | 10.0
Armour         | 1 2 |  2.2
Dodging        | 3 4 6 8 |  8.0
Invocations    | 2 4 6 9 |  9.7
Stealth        | |  0.7

Action                     |  1- 3 |  4- 6 |  7- 9 | 10-12 || total
---------------------------+-------+-------+-------+-------++-------
   Fire: Shortbow          |    91 |   145 |    62 |       ||   298
         Orcbow            |       |       |   176 |   458 ||   634
 Invoke: Heroism           |       |       |     4 |    17 ||    21
         Finesse           |       |       |       |     3 ||     3
    Use: Scroll            |     1 |    10 |     2 |     8 ||    21
         Potion            |       |     3 |     2 |     6 ||    11
 Armour: Leather armour    |     7 |    21 |    20 |    53 ||   101
  Dodge: Dodged            |    20 |    64 |   206 |   289 ||   579
         Repelled          |       |       |     1 |     7 ||     8

Table legend:
 A = Non-vault XP
 B = Vault XP
 C = Vault XP percentage of total XP
 D = Non-vault monster count
 E = Vault monster count
 F = Vault count percentage of total count
                 A         B        C        D         E       F
            +---------+---------+-------+---------+---------+-------
      Total |   15425 |    5849 |  27.5 |     251 |      71 |  22.0
            +---------+---------+-------+---------+---------+-------
        D:1 |      44 |       0 |   0.0 |      24 |       0 |   0.0
        D:2 |      70 |      37 |  34.6 |      21 |       1 |   4.5
        D:3 |      39 |      91 |  70.0 |      12 |       6 |  33.3
        D:4 |      67 |     264 |  79.8 |      15 |       6 |  28.6
        D:5 |     561 |       0 |   0.0 |      12 |       0 |   0.0
        D:6 |     948 |      20 |   2.1 |      25 |       3 |  10.7
        D:7 |    2321 |     284 |  10.9 |      31 |       2 |   6.1
        D:8 |    1451 |     731 |  33.5 |      34 |       7 |  17.1
        D:9 |    3215 |       0 |   0.0 |      33 |       0 |   0.0
       D:10 |    1381 |    3350 |  70.8 |      19 |      37 |  66.1
     Lair:1 |    5328 |    1072 |  16.8 |      25 |       9 |  26.5
            +---------+---------+-------+---------+---------+-------
